 Dungeon Crawl Stone Soup version 0.28-a0-461-g2dc4ca5097 (webtiles) character file.

Game seed: 4363255960709812344

28383 sleeves the Destroyer (level 12, -6/81 HPs)
             Began as a Demigod Conjurer on Sept 13, 2021.
             Shot with an arrow by Nessos (15 damage)
             ... on level 12 of the Dungeon on Sept 14, 2021.
             The game lasted 00:45:39 (17563 turns).

sleeves the Destroyer (Demigod Conjurer)           Turns: 17563, Time: 00:45:39

Health: -6/81      AC: 13    Str: 12    XL:     12   Next: 75%
Magic:  19/30      EV: 10    Int: 32    God:
Gold:   1454       SH:  0    Dex: 12    Spells: 12/31 levels left

rFire   + . .      SeeInvis +   b - staff of conjuration
rCold   . . .      Faith    .   (no shield)
rNeg    . . .      Spirit   .   K - +2 ring mail {rF+}
rPois   .          Reflect  .   h - +2 hat {Will+}
rElec   .          Harm     .   (no cloak)
rCorr   .          Rampage  +   (no gloves)
Will    +....                   q - +1 pair of boots
Stlth   +.........              G - amulet "Kaskibum" {RegenMP Rampage Regen+ SInv}
HPRegen 1.23/turn               w - ring of willpower
MPRegen 0.47/turn               (no ring)

@: lethally poisoned (-6 -> -18), about to teleport, weak-willed
A: high mp 1, forlorn
a: no special abilities


You were on level 12 of the Dungeon.
You visited 2 branches of the dungeon, and saw 14 of its levels.

You collected 1482 gold pieces.
You spent 28 gold pieces at shops.

Inventory:

Hand Weapons
 N - a +4 trident
   (You took it off a wight on level 10 of the Dungeon)
Armour
 h - a +2 hat of willpower (worn)
   (You took it off Gastronok on level 12 of the Dungeon)
 k - a +1 helmet of intelligence
   (You took it off Robin on level 2 of the Dungeon)
 q - a +1 pair of boots (worn)
   (You found it on level 4 of the Dungeon)
 s - a +2 chain mail of willpower
   (You found it on level 4 of the Dungeon)
 z - a +0 kite shield
   (You found it on level 2 of the Dungeon)
 B - a +2 scale mail of cold resistance
   (You took it off Urug on level 11 of the Dungeon)
 K - a +2 ring mail of fire resistance (worn)
   (You took it off an orc on level 9 of the Dungeon)
Magical Staves
 b - a staff of conjuration (weapon)
   (You found it on level 1 of the Dungeon)
Jewellery
 o - a ring of ice
   (You found it on level 4 of the Dungeon)
 w - a ring of willpower (left hand)
   (You found it on level 6 of the Dungeon)
 y - an amulet of reflection
   (You found it on level 6 of the Dungeon)
 G - the amulet "Kaskibum" (around neck) {RegenMP Rampage Regen+ SInv}
   (You took it off an orc wizard on level 8 of the Dungeon)

   [amulet of magic regeneration]

   It increases your rate of magic regeneration.
   SInv:      It lets you see invisible.
   Regen:     It increases your rate of health regeneration.
   Rampage:   It bestows one free step when moving towards enemies.
 L - a ring of see invisible
   (You found it on level 10 of the Dungeon)
Wands
 a - a wand of flame (13)
   (You found it on level 7 of the Dungeon)
 x - a wand of acid (6)
   (You found it on level 6 of the Dungeon)
 H - a wand of paralysis (9)
   (You took it off an orc wizard on level 8 of the Dungeon)
Scrolls
 g - 2 scrolls of amnesia
 n - 6 scrolls of fog
 t - 3 scrolls of magic mapping
 A - 2 scrolls of enchant weapon
 C - a scroll of enchant armour
 F - 2 scrolls of immolation
 I - 2 scrolls of vulnerability
Potions
 c - a potion of might {unknown}
 e - 3 potions of curing
 i - 4 potions of degeneration {unknown}
 m - 2 potions of flight {unknown}
 p - 2 potions of mutation {unknown}
 r - a potion of ambrosia {unknown}
 u - a potion of brilliance
 v - a potion of attraction {unknown}
 J - a potion of resistance {unknown}
Miscellaneous
 M - a phial of floods
   (You found it on level 10 of the Dungeon)


   Skills:
 + Level 7.6 Armour
 - Level 1.7 Dodging
 - Level 1.7 Stealth
 - Level 10.0 Spellcasting
 - Level 12.0 Conjurations
 + Level 7.8 Necromancy
 + Level 7.7 Fire Magic


You had 12 spell levels left.
You knew the following spells:

 Your Spells              Type           Power      Damage    Failure   Level
a - Magic Dart            Conj           100%       1d8       1%          1
b - Searing Ray           Conj           100%       2d8       1%          2
c - Iskenderun's Mystic   Conj/Tloc      69%        2d14      4%          4
d - Fulminant Prism       Conj/Hex       34%        3d16      4%          4
e - Starburst             Conj/Fire      43%        6d12      16%         6
f - Sublimation of Blood  Necr           30%        N/A       1%          2

Your spell library contained the following spells:

 Spells                   Type           Power      Damage    Failure   Level
 Dazzling Flash           Conj/Hex       100%       N/A       1%          3
 Animate Dead             Necr           30%        N/A       2%          4
 Irradiate                Conj/Tmut      34%        3d25      14%         5
 Gell's Gravitas          Tloc           8%         N/A       19%         3
 Lesser Beckoning         Tloc           16%        N/A       19%         3
 Teleport Other           Tloc           16%        N/A       19%         3
 Leda's Liquefaction      Hex/Erth       8%         N/A       52%         4
 Petrify                  Tmut/Erth      16%        N/A       52%         4
 Lee's Rapid Deconstruct  Erth           8%         3d8*      86%         5
 Statue Form              Tmut/Erth      10%        N/A       100%        6
 Haunt                    Necr/Summ      20%        N/A       100%        7
 Infestation              Necr           30%        N/A       100%        8


Dungeon Overview and Level Annotations

Branches:
Dungeon (12/15)            Temple (0/1) D:7            Lair (0/6) D:9
    Orc (2/2) D:11            Elf (0/3) Orc:2

Shops:
D:4 *   D:6 *   Orc:2 =?![

Portals:
Abyss: Orc:1

Annotations:
D:5 exclusion: vampire
D:12 Nessos
Orc:1 2 transporters, Cionis's ghost, journeyman DEAE


Innate Abilities, Weirdness & Mutations

Your attributes grow dramatically as you level up.
You have an increased reservoir of magic. (+10% MP)
You shall have no god before yourself.


Message History

Press: ? - help, Dir - move target You feel a surge of power!
You conjure a prism of explosive energy!
A fulminant prism comes into view.
The gargoyle hurls a stone arrow at you.
The stone arrow hits you!
Your fulminant prism crackles loudly.
Your fulminant prism explodes!
The blast of energy engulfs the gargoyle!!!
You destroy the gargoyle!
You hear a horrible gurgling sound!
You start resting.
Magic restored.
You start resting.
HP restored.
Gastronok the Ponderous comes into view.
He is wearing a +2 hat of willpower.
You see here a +2 mace of protection.
Gastronok is nearby!
Gastronok is nearby!
Gastronok is nearby!
Casting: Fulminant Prism (dangerous; 4% risk of failure)
Confirm with . or Enter, or press ? or * to list all spells.
Aiming: Fulminant Prism (dangerous; 4% risk of failure)
Press: ? - help, Dir - move target You feel a surge of power!
You conjure a prism of explosive energy!
A fulminant prism comes into view.
Gastronok casts a spell.
Casting: Fulminant Prism (dangerous; 4% risk of failure)
Confirm with . or Enter, or press ? or * to list all spells.
Aiming: Fulminant Prism (dangerous; 4% risk of failure)
Press: ? - help, Dir - move target, f - rat
Aim: a rat (summoned)
Okay, then.
You hear a loud crackle.
You hear an explosion!
Casting: Fulminant Prism (dangerous; 4% risk of failure)
Confirm with . or Enter, or press ? or * to list all spells.
Aiming: Fulminant Prism (dangerous; 4% risk of failure)
Press: ? - help, Dir - move target You feel a surge of power!
You miscast Fulminant Prism.
You are very lightly contaminated with residual magic.
Nothing appears to happen.
Casting: Fulminant Prism (dangerous; 4% risk of failure)
Confirm with . or Enter, or press ? or * to list all spells.
Aiming: Fulminant Prism (dangerous; 4% risk of failure)
Press: ? - help, Dir - move target You feel a surge of power!
You conjure a prism of explosive energy!
A fulminant prism comes into view.
Something bites your fulminant prism.
Your fulminant prism crackles loudly.
Something bites your fulminant prism.
Your fulminant prism explodes!
Gastronok waves his eye-stalks in wide circles.
The air twists around and strikes you!!
Gastronok looks at you and mumbles some strange words.
You resist with some effort.
Your magical contamination has completely faded away.
Casting: Fulminant Prism (dangerous; 4% risk of failure)
Confirm with . or Enter, or press ? or * to list all spells.
Aiming: Fulminant Prism (dangerous; 4% risk of failure)
Press: ? - help, Dir - move target You feel a surge of power!
You conjure a prism of explosive energy!
A fulminant prism comes into view.
Your fulminant prism crackles loudly.
Your fulminant prism explodes!
Casting: Fulminant Prism (dangerous; 4% risk of failure)
Confirm with . or Enter, or press ? or * to list all spells.
Aiming: Fulminant Prism (dangerous; 4% risk of failure)
Press: ? - help, Dir - move target You feel a surge of power!
You conjure a prism of explosive energy!
A fulminant prism comes into view.
Your fulminant prism crackles loudly.
Your fulminant prism explodes!
The blast of energy engulfs Gastronok!!
Gastronok is heavily wounded.
There is a stone staircase leading up here.
Casting: Fulminant Prism (dangerous; 4% risk of failure)
Confirm with . or Enter, or press ? or * to list all spells.
Aiming: Fulminant Prism (dangerous; 4% risk of failure)
Press: ? - help, Dir - move target You feel a surge of power!
You conjure a prism of explosive energy!
A fulminant prism comes into view.
Your fulminant prism crackles loudly.
A boulder beetle comes into view.
The boulder beetle waves its antennae.
Your fulminant prism explodes!
The blast of energy engulfs Gastronok!!!
Gastronok is severely wounded.
The blast of energy engulfs the boulder beetle but does no damage.
Casting: Fulminant Prism (dangerous; 4% risk of failure)
Confirm with . or Enter, or press ? or * to list all spells.
Aiming: Fulminant Prism (dangerous; 4% risk of failure)
Press: ? - help, Dir - move target You feel a surge of power!
You conjure a prism of explosive energy!
A fulminant prism comes into view.
Your fulminant prism crackles loudly.
Gastronok waves his eye-stalks in wide circles.
The air twists around and strikes you!!
Your fulminant prism explodes!
The blast of energy engulfs the boulder beetle!
The boulder beetle is lightly wounded.
The blast of energy engulfs Gastronok!!
Gastronok is almost dead.
Casting: Fulminant Prism (dangerous; 4% risk of failure)
Confirm with . or Enter, or press ? or * to list all spells.
Aiming: Fulminant Prism (dangerous; 4% risk of failure)
Press: ? - help, Dir - move target You feel a surge of power!
You conjure a prism of explosive energy!
A fulminant prism comes into view.
The boulder beetle curls into a ball and begins rolling!
Your fulminant prism crackles loudly.
Gastronok waves his eye-stalks in wide circles.
The air twists around and strikes you!
Casting: Fulminant Prism (dangerous; 4% risk of failure)
Confirm with . or Enter, or press ? or * to list all spells.
You feel a surge of power!
You erupt in a blast of force!
The mystic blast hits the boulder beetle!
The boulder beetle is moderately wounded.
The boulder beetle is knocked back by the mystic blast.
Your fulminant prism explodes!
The blast of energy engulfs the boulder beetle!!
The boulder beetle is severely wounded.
The blast of energy engulfs Gastronok!
Gastronok is almost dead.
Unknown command.
Casting: Iskenderun's Mystic Blast (dangerous; 4% risk of failure)
Confirm with . or Enter, or press ? or * to list all spells.
Aiming: Fulminant Prism (dangerous; 4% risk of failure)
Press: ? - help, Dir - move target You feel a surge of power!
You conjure a prism of explosive energy!
* * * LOW MAGIC WARNING * * *
A fulminant prism comes into view.
The boulder beetle hits your fulminant prism!!
Your fulminant prism detonates feebly.
The boulder beetle stops rolling and uncurls.
Gastronok waves his eye-stalks in wide circles.
The air twists around and strikes you!!
* * * LOW HITPOINT WARNING * * *
You climb upwards.
There is a stone staircase leading down here.
You start resting.
HP restored.
You start resting.
Magic restored.
Unknown command.
You see here 24 stones.
There is a stone staircase leading down here.
You climb downwards.
Level annotation: Gastronok
There is a stone staircase leading up here.
Found a robe.
You now have 1424 gold pieces (gained 19).
d - 6 potions of heal wounds (gained 1)
A wraith comes into view.
A wraith is nearby!
A wraith is nearby!
A wraith is nearby!
Casting: Fulminant Prism (dangerous; 4% risk of failure)
Confirm with . or Enter, or press ? or * to list all spells.
Aiming: Fulminant Prism (dangerous; 4% risk of failure)
Press: ? - help, Dir - move target You feel a surge of power!
You conjure a prism of explosive energy!
A fulminant prism comes into view.
Your fulminant prism crackles loudly.
The wraith hits your fulminant prism!
The wraith drains your fulminant prism's vigour!
Your fulminant prism explodes!
The blast of energy engulfs the wraith.
The wraith is lightly damaged.
Casting: Fulminant Prism (dangerous; 4% risk of failure)
Confirm with . or Enter, or press ? or * to list all spells.
Aiming: Fulminant Prism (dangerous; 4% risk of failure)
Press: ? - help, Dir - move target You feel a surge of power!
You conjure a prism of explosive energy!
A fulminant prism comes into view.
Your fulminant prism crackles loudly.
Your fulminant prism explodes!
The blast of energy engulfs the wraith!
The wraith is heavily damaged.
Casting: Fulminant Prism (dangerous; 4% risk of failure)
Confirm with . or Enter, or press ? or * to list all spells.
Aiming: Fulminant Prism (dangerous; 4% risk of failure)
Press: ? - help, Dir - move target You feel a surge of power!
You conjure a prism of explosive energy!
A fulminant prism comes into view.
Your fulminant prism crackles loudly.
Your fulminant prism explodes!
The blast of energy engulfs the wraith!!
You destroy the wraith!
Magic restored.
You now have 1441 gold pieces (gained 17).
Gastronok is nearby!
Gastronok is nearby!
Gastronok is nearby!
Casting: Fulminant Prism (dangerous; 4% risk of failure)
Confirm with . or Enter, or press ? or * to list all spells.
Aiming: Fulminant Prism (dangerous; 4% risk of failure)
Press: ? - help, Dir - move target You feel a surge of power!
You conjure a prism of explosive energy!
Gastronok gurgles horribly!
A fulminant prism comes into view.
Your fulminant prism crackles loudly.
Your fulminant prism explodes!
You see here a +0 rapier.
Casting: Fulminant Prism (dangerous; 4% risk of failure)
Confirm with . or Enter, or press ? or * to list all spells.
Aiming: Fulminant Prism (dangerous; 4% risk of failure)
Press: ? - help, Dir - move target You feel a surge of power!
You conjure a prism of explosive energy!
A fulminant prism comes into view.
Your fulminant prism crackles loudly.
Your fulminant prism explodes!
The blast of energy engulfs Gastronok!!
Gastronok is severely wounded.
Casting: Fulminant Prism (dangerous; 4% risk of failure)
Confirm with . or Enter, or press ? or * to list all spells.
Aiming: Fulminant Prism (dangerous; 4% risk of failure)
Press: ? - help, Dir - move target You feel a surge of power!
You conjure a prism of explosive energy!
A fulminant prism comes into view.
Gastronok chants a spell, wobbling all the while.
Your fulminant prism crackles loudly.
Gastronok's eyestalks quiver as he mumbles some strange words.
Your skin takes on a slight green cast.
The rat bites your fulminant prism.
Your fulminant prism explodes!
The blast of energy engulfs the rat!!
You kill the rat!
The rat's corpse disappears in a puff of smoke!
Casting: Fulminant Prism (dangerous; 4% risk of failure)
Confirm with . or Enter, or press ? or * to list all spells.
Aiming: Fulminant Prism (dangerous; 4% risk of failure)
Press: ? - help, Dir - move target
Okay, then.
You rampage towards Gastronok!
You see here a +0 rapier.
Casting: Fulminant Prism (dangerous; 4% risk of failure)
Confirm with . or Enter, or press ? or * to list all spells.
Aiming: Fulminant Prism (dangerous; 4% risk of failure)
Press: ? - help, Dir - move target You feel a surge of power!
You conjure a prism of explosive energy!
A fulminant prism comes into view.
Your fulminant prism crackles loudly.
Casting: Fulminant Prism (dangerous; 4% risk of failure)
Confirm with . or Enter, or press ? or * to list all spells.
Aiming: Fulminant Prism (dangerous; 4% risk of failure)
Press: ? - help, Dir - move target You feel a surge of power!
You conjure a prism of explosive energy!
A fulminant prism comes into view.
A troll comes into view.
Gastronok waves his eye-stalks in wide circles.
The air twists around and strikes you!!
Your fulminant prism explodes!
The blast of energy engulfs Gastronok!!
Gastronok is severely wounded.
Your fulminant prism crackles loudly.
Gastronok mumbles some strange words.
Your legs wobble like jelly.
Your fulminant prism explodes!
Casting: Fulminant Prism (dangerous; 4% risk of failure)
Confirm with . or Enter, or press ? or * to list all spells.
Aiming: Fulminant Prism (dangerous; 4% risk of failure)
Press: ? - help, Dir - move target You feel a surge of power!
You conjure a prism of explosive energy!
A fulminant prism comes into view.
Your fulminant prism crackles loudly.
Your fulminant prism explodes!
Casting: Fulminant Prism (dangerous; 4% risk of failure)
Confirm with . or Enter, or press ? or * to list all spells.
Aiming: Fulminant Prism (dangerous; 4% risk of failure)
Press: ? - help, Dir - move target
Okay, then.
Gastronok gurgles horribly!
Gastronok mumbles some strange words.
You feel a sudden urge to swivel your nonexistent eyestalks around.
Casting: Fulminant Prism (dangerous; 4% risk of failure)
Confirm with . or Enter, or press ? or * to list all spells.
Aiming: Fulminant Prism (dangerous; 4% risk of failure)
Press: ? - help, Dir - move target You feel a surge of power!
You conjure a prism of explosive energy!
A fulminant prism comes into view.
Your fulminant prism crackles loudly.
Casting: Fulminant Prism (dangerous; 4% risk of failure)
Confirm with . or Enter, or press ? or * to list all spells.
You feel a surge of power!
You erupt in a blast of force!
The mystic blast hits the troll!!
The troll is severely wounded.
The troll is knocked back by the mystic blast.
Your fulminant prism explodes!
The blast of energy engulfs the troll!!
You kill the troll!
The troll leather armour is intact enough to wear.
The blast of energy engulfs Gastronok!!
Gastronok is almost dead.
Your Necromancy skill increases to level 7!
Unknown command.
Casting: Iskenderun's Mystic Blast (dangerous; 4% risk of failure)
Confirm with . or Enter, or press ? or * to list all spells.
Aiming: Fulminant Prism (dangerous; 4% risk of failure)
Press: ? - help, Dir - move target You feel a surge of power!
You conjure a prism of explosive energy!
* * * LOW MAGIC WARNING * * *
A fulminant prism comes into view.
Your fulminant prism crackles loudly.
Gastronok bites your fulminant prism.
Your fulminant prism explodes!
The blast of energy engulfs Gastronok!!
You kill Gastronok!
Your Armour skill increases to level 7!
Your Fire Magic skill increases to level 7!
Things that are here:
a +0 troll leather armour; a troll corpse You see here a +0 rapier.
You see here a +2 hat of willpower.
h - a +2 hat of willpower You see here a +0 rapier.
There is an open door here.
You close the door.
You start resting.
Magic restored.
You start removing your armour.
You continue taking off your +1 helmet of intelligence. x4
You finish taking off your +1 helmet of intelligence.
You feel stupid.
You start putting on your armour.
You continue putting on your +2 hat of willpower. x5
You finish putting on your +2 hat of willpower.
You feel strong-willed.
Okay, then.
There is an open door here.
There is an open door here.
You open the door.
There is an open door here.
Found 14 stones.
The vampire mosquito buzzes angrily.
The tengu warrior shouts!
You open the door.
There is an open door here.
There is an open door here.
Key pressed, stopping explore.
There is an open door here.
You open the door.
There is an open door here.
You see here a +0 rapier.
Key pressed, stopping explore.
Found 8 atropa-tipped darts.
Found a stone staircase leading down.
Found a morningstar.
Found a stone staircase leading down.
A boulder beetle is nearby!
A boulder beetle is nearby!
A boulder beetle is nearby!
Casting: Fulminant Prism (dangerous; 4% risk of failure)
Confirm with . or Enter, or press ? or * to list all spells.
Aiming: Fulminant Prism (dangerous; 4% risk of failure)
Press: ? - help, Dir - move target You feel a surge of power!
You conjure a prism of explosive energy!
A fulminant prism comes into view.
The boulder beetle bites your fulminant prism!!
Your fulminant prism crackles loudly.
The boulder beetle bites your fulminant prism!
Your fulminant prism explodes!
The blast of energy engulfs the boulder beetle.
The boulder beetle is lightly wounded.
Casting: Fulminant Prism (dangerous; 4% risk of failure)
Confirm with . or Enter, or press ? or * to list all spells.
Aiming: Fulminant Prism (dangerous; 4% risk of failure)
Press: ? - help, Dir - move target You feel a surge of power!
You conjure a prism of explosive energy!
A fulminant prism comes into view.
The boulder beetle curls into a ball and begins rolling!
Your fulminant prism crackles loudly.
Your fulminant prism explodes!
The blast of energy engulfs the boulder beetle.
The boulder beetle is lightly wounded.
Casting: Fulminant Prism (dangerous; 4% risk of failure)
Confirm with . or Enter, or press ? or * to list all spells.
Aiming: Fulminant Prism (dangerous; 4% risk of failure)
Press: ? - help, Dir - move target You feel a surge of power!
You conjure a prism of explosive energy!
A fulminant prism comes into view.
Your fulminant prism crackles loudly.
The boulder beetle enters a dispersal trap!
You blink.
The boulder beetle leaps!
Your fulminant prism explodes!
You see here a +0 robe.
Casting: Fulminant Prism (dangerous; 4% risk of failure)
Confirm with . or Enter, or press ? or * to list all spells.
You feel a surge of power!
You erupt in a blast of force!
The mystic blast hits the boulder beetle.
The boulder beetle is lightly wounded.
The boulder beetle is knocked back by the mystic blast.
Unknown command.
Casting: Iskenderun's Mystic Blast (dangerous; 4% risk of failure)
Confirm with . or Enter, or press ? or * to list all spells.
Aiming: Fulminant Prism (dangerous; 4% risk of failure)
Press: ? - help, Dir - move target
Okay, then.
The boulder beetle stops rolling and uncurls.
Casting: Fulminant Prism (dangerous; 4% risk of failure)
Confirm with . or Enter, or press ? or * to list all spells.
You don't know that spell.
The boulder beetle curls into a ball and begins rolling!
Casting: Fulminant Prism (dangerous; 4% risk of failure)
Confirm with . or Enter, or press ? or * to list all spells.
You feel a surge of power!
You erupt in a blast of force!
The mystic blast hits the boulder beetle!
The boulder beetle is moderately wounded.
The boulder beetle is knocked back by the mystic blast.
Unknown command.
Casting: Iskenderun's Mystic Blast (dangerous; 4% risk of failure)
Confirm with . or Enter, or press ? or * to list all spells.
Aiming: Fulminant Prism (dangerous; 4% risk of failure)
Press: ? - help, Dir - move target You feel a surge of power!
You conjure a prism of explosive energy!
A fulminant prism comes into view.
Your fulminant prism crackles loudly.
Casting: Fulminant Prism (dangerous; 4% risk of failure)
Confirm with . or Enter, or press ? or * to list all spells.
You feel a surge of power!
You erupt in a blast of force!
The mystic blast hits the boulder beetle!
The boulder beetle is moderately wounded.
The boulder beetle is knocked back by the mystic blast.
Your fulminant prism explodes!
The blast of energy engulfs the boulder beetle!!
The boulder beetle is heavily wounded.
Unknown command.
Casting: Iskenderun's Mystic Blast (dangerous; 4% risk of failure)
Confirm with . or Enter, or press ? or * to list all spells.
You feel a surge of power!
You erupt in a blast of force!
The mystic blast hits the boulder beetle!
The boulder beetle is severely wounded.
The boulder beetle is knocked back by the mystic blast.
Unknown command.
The boulder beetle closely misses you.
The boulder beetle stops rolling and uncurls.
Casting: Iskenderun's Mystic Blast (dangerous; 4% risk of failure)
Confirm with . or Enter, or press ? or * to list all spells.
You feel a surge of power!
You erupt in a blast of force!
The mystic blast hits the boulder beetle!
The boulder beetle is almost dead.
The boulder beetle is knocked back by the mystic blast.
* * * LOW MAGIC WARNING * * *
Unknown command.
Casting: Iskenderun's Mystic Blast (dangerous; 4% risk of failure)
Confirm with . or Enter, or press ? or * to list all spells.
Aiming: Fulminant Prism (dangerous; 4% risk of failure)
Press: ? - help, Dir - move target You feel a surge of power!
You conjure a prism of explosive energy!
* * * LOW MAGIC WARNING * * *
A fulminant prism comes into view.
The boulder beetle leaps!
Your fulminant prism crackles loudly.
Your fulminant prism explodes!
There is a stone staircase leading up here.
You start resting.
A boulder beetle is nearby!
Casting: Fulminant Prism (dangerous; 4% risk of failure)
Confirm with . or Enter, or press ? or * to list all spells.
Aiming: Fulminant Prism (dangerous; 4% risk of failure)
Press: ? - help, Dir - move target You feel a surge of power!
You conjure a prism of explosive energy!
* * * LOW MAGIC WARNING * * *
A fulminant prism comes into view.
The boulder beetle leaps!
Your fulminant prism crackles loudly.
The boulder beetle bites your fulminant prism!!
Your fulminant prism explodes!
The blast of energy engulfs the boulder beetle but does no damage.
The boulder beetle is almost dead.
Casting: Fulminant Prism (dangerous; 4% risk of failure)
Confirm with . or Enter, or press ? or * to list all spells.
Aiming: Fulminant Prism (dangerous; 4% risk of failure)
Press: ? - help, Dir - move target You feel a surge of power!
You conjure a prism of explosive energy!
* * * LOW MAGIC WARNING * * *
A fulminant prism comes into view.
The boulder beetle bites your fulminant prism!!
Your fulminant prism detonates feebly.
The boulder beetle curls into a ball and begins rolling!
Casting: Fulminant Prism (dangerous; 4% risk of failure)
Confirm with . or Enter, or press ? or * to list all spells.
You don't know that spell.
The boulder beetle hits you!
The boulder beetle stops rolling and uncurls.
Casting: Fulminant Prism (dangerous; 4% risk of failure)
Confirm with . or Enter, or press ? or * to list all spells.
You feel a surge of power!
You erupt in a blast of force!
The mystic blast hits the boulder beetle but does no damage.
The boulder beetle is severely wounded.
* * * LOW MAGIC WARNING * * *
The boulder beetle leaps!
Unknown command.
Casting: Iskenderun's Mystic Blast (dangerous; 4% risk of failure)
Confirm with . or Enter, or press ? or * to list all spells.
You don't have enough magic to cast this spell.
The boulder beetle leaps!
The boulder beetle curls into a ball and begins rolling!
Casting: Iskenderun's Mystic Blast (dangerous; 4% risk of failure)
Confirm with . or Enter, or press ? or * to list all spells.
Aiming: Fulminant Prism (dangerous; 4% risk of failure)
Press: ? - help, Dir - move target You feel a surge of power!
You conjure a prism of explosive energy!
* * * LOW MAGIC WARNING * * *
A fulminant prism comes into view.
Your fulminant prism crackles loudly.
Your fulminant prism explodes!
The blast of energy engulfs the boulder beetle!!
The boulder beetle is almost dead.
You hit the boulder beetle.
The boulder beetle is almost dead.
The boulder beetle hits you!!
The boulder beetle stops rolling and uncurls.
The boulder beetle bites you!
* * * LOW HITPOINT WARNING * * *
The boulder beetle misses you.
The boulder beetle curls into a ball and begins rolling!
Casting: Fulminant Prism (dangerous; 4% risk of failure)
Confirm with . or Enter, or press ? or * to list all spells.
You feel a surge of power!
You miscast Iskenderun's Mystic Blast.
You are very lightly contaminated with residual magic.
Nothing appears to happen.
* * * LOW MAGIC WARNING * * *
The boulder beetle hits you!!!
* * * LOW HITPOINT WARNING * * *
The boulder beetle stops rolling and uncurls.
Unknown command.
Okay, then.
Okay, then.
The boulder beetle leaps!
Your magical contamination has completely faded away.
A boulder beetle is nearby!
A boulder beetle is nearby!
A boulder beetle is nearby!
A boulder beetle is nearby!
Casting: Iskenderun's Mystic Blast (dangerous; 4% risk of failure)
Confirm with . or Enter, or press ? or * to list all spells.
You can't see any susceptible monsters within range! (Use Z to cast anyway.)
Casting: Iskenderun's Mystic Blast (dangerous; 4% risk of failure)
Confirm with . or Enter, or press ? or * to list all spells.
Aiming: Fulminant Prism (dangerous; 4% risk of failure)
Press: ? - help, Dir - move target You feel a surge of power!
You conjure a prism of explosive energy!
A fulminant prism comes into view.
Your fulminant prism crackles loudly.
Your fulminant prism explodes!
Things that are here:
a +0 troll leather armour; a troll skeleton You start resting.
A boulder beetle is nearby!
Casting: Fulminant Prism (dangerous; 4% risk of failure)
Confirm with . or Enter, or press ? or * to list all spells.
Aiming: Fulminant Prism (dangerous; 4% risk of failure)
Press: ? - help, Dir - move target You feel a surge of power!
You miscast Fulminant Prism.
You are very lightly contaminated with residual magic.
Nothing appears to happen.
The boulder beetle curls into a ball and begins rolling!
You see here a +0 rapier.
Casting: Fulminant Prism (dangerous; 4% risk of failure)
Confirm with . or Enter, or press ? or * to list all spells.
Aiming: Fulminant Prism (dangerous; 4% risk of failure)
Press: ? - help, Dir - move target You feel a surge of power!
You conjure a prism of explosive energy!
A fulminant prism comes into view.
Your fulminant prism crackles loudly.
Your fulminant prism explodes!
The blast of energy engulfs the boulder beetle!
The boulder beetle is almost dead.
Casting: Fulminant Prism (dangerous; 4% risk of failure)
Confirm with . or Enter, or press ? or * to list all spells.
You can't see any susceptible monsters within range! (Use Z to cast anyway.) Unknown command.
Casting: Fulminant Prism (dangerous; 4% risk of failure)
Confirm with . or Enter, or press ? or * to list all spells.
You feel a surge of power!
You erupt in a blast of force!
The mystic blast hits the boulder beetle but does no damage.
The boulder beetle is almost dead.
The boulder beetle hits you!!
The boulder beetle stops rolling and uncurls.
Unknown command.
Casting: Iskenderun's Mystic Blast (dangerous; 4% risk of failure)
Confirm with . or Enter, or press ? or * to list all spells.
You feel a surge of power!
You erupt in a blast of force!
The mystic blast hits the boulder beetle!!
You kill the boulder beetle!
Unknown command.
You start resting.
Your magical contamination has completely faded away.
You start resting.
HP restored.
Unknown command.
You start resting.
Magic restored.
There is a stone staircase leading up, spattered with blood here.
A centaur comes into view.
A centaur is nearby!
A centaur is nearby!
A centaur is nearby!
The centaur shouts!
You hear a shout! x2
A centaur comes into view.
The centaur wields a +0 shortbow.
The centaur shoots an arrow.
The arrow closely misses you.
A centaur comes into view. It is wielding a +0 rapier.
The centaur moves out of view.
You hear a shout!
Casting: Iskenderun's Mystic Blast (dangerous; 4% risk of failure)
Confirm with . or Enter, or press ? or * to list all spells.
Aiming: Fulminant Prism (dangerous; 4% risk of failure)
Press: ? - help, Dir - move target You feel a surge of power!
You conjure a prism of explosive energy!
A fulminant prism comes into view.
The centaur shoots an arrow.
The arrow hits you but does no damage.
A centaur warrior comes into view.
The centaur wields a +0 shortbow.
The centaur shoots an arrow.
The arrow hits your fulminant prism!
The centaur shoots an arrow.
The arrow hits you!
The centaur shoots an arrow.
The arrow hits your fulminant prism.
The centaur shoots an arrow.
The arrow hits you!
Your fulminant prism crackles loudly.
The centaur shoots an arrow.
The arrow hits your fulminant prism!
The centaur shoots an arrow.
The arrow hits you.
The centaur warrior hits your fulminant prism.
Your fulminant prism explodes!
The blast of energy engulfs the centaur!!
You kill the centaur!
The blast of energy engulfs the centaur!
The centaur is heavily wounded.
The blast of energy engulfs the centaur.
The centaur is moderately wounded.
The blast of energy engulfs the centaur warrior.
The centaur warrior is lightly wounded.
Casting: Fulminant Prism (dangerous; 4% risk of failure)
Confirm with . or Enter, or press ? or * to list all spells.
Aiming: Fulminant Prism (dangerous; 4% risk of failure)
Press: ? - help, Dir - move target You feel a surge of power!
You conjure a prism of explosive energy!
A fulminant prism comes into view.
The centaur unwields a +0 rapier.
The centaur wields a +0 shortbow.
The centaur shoots an arrow.
The arrow hits you!
The centaur shoots an arrow.
The arrow barely misses you.
The centaur warrior wields a +0 shortbow.
The centaur warrior shoots an arrow.
The arrow hits your fulminant prism!!
Your fulminant prism detonates feebly.
The centaur shoots an arrow.
The arrow hits you.
The centaur shoots an arrow.
The arrow hits you.
The centaur shoots an arrow.
The arrow closely misses you.
The centaur warrior shoots an arrow.
The arrow hits you!!
* * * LOW HITPOINT WARNING * * *
The centaur shoots an arrow.
The arrow barely misses you.
Casting: Fulminant Prism (dangerous; 4% risk of failure)
Confirm with . or Enter, or press ? or * to list all spells.
Aiming: Fulminant Prism (dangerous; 4% risk of failure)
Press: ? - help, Dir - move target, f - you
Okay, then.
You feel much better.
Casting: Fulminant Prism (dangerous; 4% risk of failure)
Confirm with . or Enter, or press ? or * to list all spells.
Aiming: Fulminant Prism (dangerous; 4% risk of failure)
Press: ? - help, Dir - move target You feel a surge of power!
You conjure a prism of explosive energy!
A fulminant prism comes into view.
Something hits your fulminant prism!
Something kicks your fulminant prism but does no damage.
Your fulminant prism crackles loudly.
Something hits your fulminant prism! Something kicks your fulminant prism.
Your fulminant prism explodes!
Casting: Fulminant Prism (dangerous; 4% risk of failure)
Confirm with . or Enter, or press ? or * to list all spells.
Aiming: Fulminant Prism (dangerous; 4% risk of failure)
Press: ? - help, Dir - move target You feel a surge of power!
You conjure a prism of explosive energy!
A fulminant prism comes into view.
The centaur warrior wields a +0 shortbow.
The centaur warrior shoots an arrow.
The arrow hits you!
Your fulminant prism crackles loudly.
Casting: Fulminant Prism (dangerous; 4% risk of failure)
Confirm with . or Enter, or press ? or * to list all spells.
You don't know that spell.
The centaur warrior shoots an arrow.
The arrow closely misses you.
Your fulminant prism explodes!
The blast of energy engulfs the centaur warrior!!
The centaur warrior is heavily wounded.
The blast of energy engulfs the centaur!!!
You kill the centaur!
Casting: Fulminant Prism (dangerous; 4% risk of failure)
Confirm with . or Enter, or press ? or * to list all spells.
Aiming: Fulminant Prism (dangerous; 4% risk of failure)
Press: ? - help, Dir - move target You feel a surge of power!
You conjure a prism of explosive energy!
A fulminant prism comes into view.
The centaur warrior shoots an arrow.
The arrow barely misses you.
The centaur warrior shoots an arrow.
The arrow hits you!
The centaur warrior shoots an arrow.
The arrow hits you but does no damage.
Your fulminant prism crackles loudly.
The centaur shoots an arrow.
The arrow hits your fulminant prism.
Your fulminant prism explodes!
The blast of energy engulfs the centaur warrior!!
The centaur warrior is almost dead.
The blast of energy engulfs the centaur!!
You kill the centaur!
Casting: Fulminant Prism (dangerous; 4% risk of failure)
Confirm with . or Enter, or press ? or * to list all spells.
Aiming: Fulminant Prism (dangerous; 4% risk of failure)
Press: ? - help, Dir - move target You feel a surge of power!
You conjure a prism of explosive energy!
A fulminant prism comes into view.
The centaur warrior shoots an arrow.
The arrow hits your fulminant prism!
The centaur warrior shoots an arrow.
The arrow hits your fulminant prism!!
Your fulminant prism detonates feebly.
Casting: Fulminant Prism (dangerous; 4% risk of failure)
Confirm with . or Enter, or press ? or * to list all spells.
Aiming: Fulminant Prism (dangerous; 4% risk of failure)
Press: ? - help, Dir - move target You feel a surge of power!
You conjure a prism of explosive energy!
A fulminant prism comes into view.
Your fulminant prism crackles loudly.
You hear an explosion!
You feel a bit more experienced. The blast of energy engulfs you!!
* * * LOW HITPOINT WARNING * * *
There is a stone staircase leading up, spattered with blood here.
You start resting.
Magic restored.
You start resting.
HP restored.
n - 6 scrolls of fog (gained 1)
Things that are here:
a +0 shortbow; 26 arrows
I - 3 scrolls labelled IHAINAISTRY (gained 1)
Things that are here:
a +0 shortbow; a +0 rapier; 17 arrows
g - 3 scrolls labelled POIFITOWKU (gained 1)
You now have 1454 gold pieces (gained 13).
Things that are here:
a +0 shortbow; 30 arrows You see here a +2 mace of protection.
Things that are here:
a +0 shortbow; 20 arrows
Found 18 stones.
Found a leather armour.
You open the door.
There is an open door here.
A hog comes into view.
The hog squeals angrily.
You hear an angry squeal.
A hog comes into view.
There are monsters nearby!
Casting: Fulminant Prism (dangerous; 4% risk of failure)
Confirm with . or Enter, or press ? or * to list all spells.
Aiming: Fulminant Prism (dangerous; 4% risk of failure)
Press: ? - help, Dir - move target You feel a surge of power!
You conjure a prism of explosive energy!
The hog squeals angrily.
A fulminant prism comes into view.
A hog comes into view. x2
Nessos and Kirke come into view.
Nessos shouts!
Nessos mumbles some strange words.
Nessos seems to speed up.
The hog bites your fulminant prism! x2
Nessos pounds the earth with their hooves.
Your fulminant prism crackles loudly.
The hog bites your fulminant prism!
Your fulminant prism explodes!
The blast of energy engulfs the hog!
The hog is moderately wounded.
You hear an angry squeal.
A hog comes into view.
Casting: Fulminant Prism (dangerous; 4% risk of failure)
Confirm with . or Enter, or press ? or * to list all spells.
Aiming: Fulminant Prism (dangerous; 4% risk of failure)
Press: ? - help, Dir - move target You feel a surge of power!
You conjure a prism of explosive energy!
A fulminant prism comes into view.
Kirke mumbles some strange words.
Kirke flickers and vanishes for a moment.
A hog comes into view.
The hog bites your fulminant prism.
Your fulminant prism crackles loudly.
There is an open door here.
Nessos gestures wildly while chanting.
Nessos blinks!
Nessos stands on their hind legs for a moment.
Nessos wields a +3 longbow of flaming.
It bursts into flame!
Nessos shoots an arrow.
The arrow hits you! The arrow burns you.
You are poisoned.
The hog bites your fulminant prism. x2
Your fulminant prism explodes!
The blast of energy engulfs the hog!
The hog is heavily wounded.
The blast of energy engulfs the hog!!
You kill the hog!
The blast of energy engulfs Nessos.
Nessos is lightly wounded.
The blast of energy engulfs the hog!!
The hog is almost dead.
The blast of energy engulfs the hog!!!
You kill the hog!
You hear a shout!
You close the door.
You feel very sick.
As you read the scroll labelled POIFITOWKU, it crumbles to dust.
It is a scroll of amnesia.
Really abort (and waste the scroll)? [Y]es or [N]o only, please.
Really abort (and waste the scroll)?
Okay, then.
You feel very sick.
Nessos opens the door.
Nessos shoots an arrow.
The arrow hits you. The arrow burns you.
You are more poisoned.
Nessos shoots an arrow.
The arrow hits you. The arrow burns you.
You are more poisoned.
Okay, then.
Okay, then.
Okay, then.
You feel much better.
You feel extremely sick.
Nessos shoots an arrow.
The arrow hits you!!
* * * LOW HITPOINT WARNING * * *
The arrow burns you.
You are lethally poisoned!
* * * LOW HITPOINT WARNING * * *
Nessos shoots an arrow.
The arrow hits you!
* * * LOW HITPOINT WARNING * * *
The arrow burns you.
* * * LOW HITPOINT WARNING * * *
You feel better.
Nessos shoots an arrow.
The arrow hits you!!
* * * LOW HITPOINT WARNING * * *
You are poisoned.
Nessos shoots an arrow.
The arrow misses you.
You feel much better.
You feel very sick.
As you read the scroll labelled WUTOOLU RAIX, it crumbles to dust.
It is a scroll of enchant armour.
Your +0 pair of boots glows green for a moment.
You feel very sick. The hog bites you.
* * * LOW HITPOINT WARNING * * *
The hog completely misses you.
You feel better.
Nessos pounds the earth with their hooves.
The hog bites you.
* * * LOW HITPOINT WARNING * * *
The hog closely misses you. x2
Casting: Fulminant Prism (dangerous; 4% risk of failure)
Confirm with . or Enter, or press ? or * to list all spells.
Aiming: Fulminant Prism (dangerous; 4% risk of failure)
Press: ? - help, Dir - move target You feel a surge of power!
You conjure a prism of explosive energy!
A fulminant prism comes into view.
Nessos gestures wildly while chanting.
Nessos blinks!
The hog bites you but does no damage. The hog bites you!
* * * LOW HITPOINT WARNING * * *
You feel much better.
Nessos shoots an arrow.
The arrow hits your fulminant prism. The arrow burns your fulminant prism.
Nessos shoots an arrow.
The arrow hits your fulminant prism!! The arrow burns your fulminant prism.
Your fulminant prism detonates feebly.
The hog bites you. The hog bites you but does no damage.
As you read the scroll labelled IHAINAISTRY, it crumbles to dust.
Magic quickly surges around you.
It was a scroll of vulnerability.
Nessos gestures wildly while chanting.
Nessos blinks!
The hog bites you. x2
Nessos gestures wildly while chanting.
Nessos blinks!
As you read the scroll labelled PAS ELIHIRECWU, it crumbles to dust.
Your body is wracked with pain!
* * * LOW HITPOINT WARNING * * *
The hog convulses!
Kirke convulses!
The hog convulses! x2; Nessos convulses!
It was a scroll of torment.
The hog bites you but does no damage.
Nessos mumbles some strange words.
Nessos blinks!
The hog barely misses you.
Casting: Fulminant Prism (dangerous; 4% risk of failure)
Confirm with . or Enter, or press ? or * to list all spells.
You feel a surge of power!
You erupt in a blast of force!
The mystic blast hits the hog!!
You kill the hog!
The mystic blast hits the hog!
The hog is almost dead.
The hog is knocked back by the mystic blast.
The hog slams into the metal wall!
You kill the hog!
The mystic blast hits Kirke!!
Kirke is severely wounded.
Kirke is knocked back by the mystic blast.
The mystic blast hits the hog!
You kill the hog!
Nessos gestures wildly while chanting.
Nessos blinks!
Nessos shoots an arrow.
The arrow hits you!
* * * LOW HITPOINT WARNING * * *
The arrow burns you.
You are poisoned.
* * * LOW HITPOINT WARNING * * *
You close the door.
You feel very sick.
You feel much better.
You feel sick.
As you read the scroll labelled RYROCAUPNE, it crumbles to dust.
You speak a Word of immense power!
It was a scroll of holy word.
You feel sick.
You feel much better.
You feel sick.
Nessos opens the door.
Kirke mumbles some strange words.
You feel troubled.
Casting: Iskenderun's Mystic Blast (dangerous; 4% risk of failure)
Confirm with . or Enter, or press ? or * to list all spells.
Aiming: Fulminant Prism (dangerous; 4% risk of failure)
Press: ? - help, Dir - move target You feel a surge of power!
You conjure a prism of explosive energy!
A fulminant prism comes into view.
You feel sick. The hog closely misses you.
Nessos shoots an arrow.
The arrow hits Kirke!
The arrow burns Kirke!
Casting: Fulminant Prism (dangerous; 4% risk of failure)
Confirm with . or Enter, or press ? or * to list all spells.
Aiming: Fulminant Prism (dangerous; 4% risk of failure)
Press: ? - help, Dir - move target
Okay, then.
You feel better.
Nessos mumbles some strange words.
Nessos blinks!
Nessos pounds the earth with their hooves.
Nessos casts a spell.
Nessos blinks!
Your fulminant prism crackles loudly.
You hear a shout!
Casting: Fulminant Prism (dangerous; 4% risk of failure)
Confirm with . or Enter, or press ? or * to list all spells.
Aiming: Fulminant Prism (dangerous; 4% risk of failure)
Press: ? - help, Dir - move target Out of range.
Okay, then.
Unknown command.
Nessos mumbles some strange words.
Nessos blinks!
An orc wizard comes into view. It is wielding a +0 dagger.
You hear an explosion!
The blast of energy engulfs the hog!!
You kill the hog!
Unknown command.
Casting: Fulminant Prism (dangerous; 4% risk of failure)
Confirm with . or Enter, or press ? or * to list all spells.
You feel a surge of power!
You erupt in a blast of force!
The mystic blast hits Nessos!
Nessos is severely wounded.
Nessos is knocked back by the mystic blast.
The mystic blast hits Kirke!
You kill Kirke!
Nessos shoots an arrow.
The arrow hits you! The arrow burns you.
You are poisoned.
Nessos shoots an arrow.
The arrow hits you!
* * * LOW HITPOINT WARNING * * *
Unknown command.
As you read the scroll labelled WEIBROOXTO, it crumbles to dust.
You feel strangely unstable.
It was a scroll of teleportation.
You feel very sick.
Nessos shoots an arrow.
The arrow hits you!
* * * LOW HITPOINT WARNING * * *
You are more poisoned.
Nessos gestures wildly while chanting.
Nessos blinks!
You feel better.
Nessos shoots an arrow.
The arrow hits you!
* * * LOW HITPOINT WARNING * * *
The arrow burns you.
You are lethally poisoned!
* * * LOW HITPOINT WARNING * * *
Nessos pounds the earth with their hooves.
Nessos shoots an arrow.
The arrow hits you!
You die...

#...#...# #
#.......# ##.
#.......#
..######.......#
#.............#
#.............#
#c..........#.#
...#.............#
...'...†!@..[....#
...####'###......#
#######.††..#......#
......o.*...#..#...#
............#..#...#
....†##.....#......#
..... #.....#......#
..@. #.....#...##.#
... #.....#...#


You could see Nessos (fast, weak-willed) and an orc wizard.

Vanquished Creatures
  Gastronok (D:12)
  Kirke (D:12)
  A boulder beetle (D:12)
  A centaur warrior (D:12)
  2 two-headed ogres (D:10)
  Urug (D:11)
  Nergalle (D:11)
  A deep elf pyromancer (D:12)
  3 orc knights (Orc:2)
  3 orc sorcerers
  2 cyclopes
  A gargoyle (D:12)
  3 komodo dragons
  2 trolls
  2 shadows
  3 wraiths
  30 yaks
  6 hogs (D:12)
  3 wyverns
  2 steam dragons (D:9)
  3 vampire mosquitoes
  3 wargs
  An acid dragon (D:10)
  3 water moccasins
  2 black bears
  2 sky beasts (D:7)
  A necrophage (D:5)
  38 orc warriors
  5 ogres
  21 centaurs
  2 kobold brigands
  7 bullfrogs
  2 scorpions
  A wyvern skeleton (D:7)
  3 killer bees (D:9)
  3 wights (D:10)
  7 howler monkeys
  A hound (D:5)
  3 jellies
  2 gnoll shamans (D:7)
  8 orc priests
  2 iguanas
  25 orc wizards
  A killer bee zombie (D:8)
  A hound skeleton (D:4)
  Robin (D:2)
  A howler monkey zombie (D:8)
  10 gnolls
  5 adders
  A shadow imp (D:5)
  3 white imps
  2 worms
  3 dart slugs
  85 orcs
  4 ball pythons
  7 endoplasms
  3 giant cockroaches
  7 hobgoblins
  4 jackals (D:5)
  5 quokkas
  A bat (D:3)
  A frilled lizard (D:2)
  16 goblins
  15 kobolds
  5 rats
395 creatures vanquished.

Vanquished Creatures (others)
  211 fulminant prisms
  33 fungi (D:9)
  31 plants (D:9)
275 creatures vanquished.

Grand Total: 670 creatures vanquished

Notes
Turn   | Place    | Note
-------+----------+-------------------------------------------
     0 | D:1      | sleeves the Demigod Conjurer began the quest for the Orb.
     0 | D:1      | Reached XP level 1. HP: 14/14 MP: 5/5
   153 | D:1      | Reached skill level 4 in Conjurations
   259 | D:1      | Reached XP level 2. HP: 20/20 MP: 1/7
   944 | D:2      | Reached XP level 3. HP: 26/26 MP: 4/8
  1047 | D:2      | Noticed Robin
  1218 | D:2      | HP: 13/26 [hobgoblin[Robin] (5)]
  1232 | D:2      | HP: 12/26 [Robin (2)]
  1236 | D:2      | Killed Robin
  1237 | D:2      | Reached skill level 5 in Conjurations
  1495 | D:2      | Learned a level 2 spell: Searing Ray
  1871 | D:2      | Reached XP level 4. HP: 33/33 MP: 7/9
  2358 | D:3      | Reached skill level 6 in Conjurations
  2358 | D:3      | Reached XP level 5. HP: 30/38 MP: 2/10
  3263 | D:4      | Found Kiutturgh's Assorted Antiques.
  3408 | D:4      | Noticed an ogre
  3414 | D:4      | Killed an ogre
  3851 | D:4      | Reached XP level 6. HP: 45/45 MP: 3/11
  3915 | D:4      | Reached skill level 7 in Conjurations
  4514 | D:5      | Entered Level 5 of the Dungeon
  4884 | D:5      | Reached skill level 8 in Conjurations
  4902 | D:5      | Reached XP level 7. HP: 50/50 MP: 2/12
  5107 | D:5      | Noticed a vampire
  5115 | D:5      | Learned a level 4 spell: Iskenderun's Mystic Blast
  5371 | D:6      | Reached skill level 2 in Spellcasting
  5503 | D:6      | Found Doann's Assorted Antiques.
  6168 | D:6      | Reached skill level 3 in Spellcasting
  6249 | D:6      | You fall into a shaft and drop 3 floors!
  6442 | D:8      | Noticed a steam dragon
  6451 | D:8      | HP: 24/50 [steam dragon (5)]
  6593 | D:7      | Reached skill level 9 in Conjurations
  6766 | D:7      | Reached XP level 8. HP: 57/57 MP: 8/16
  6789 | D:7      | Reached skill level 4 in Spellcasting
  7358 | D:6      | HP: 27/57 [black bear (4)]
  7807 | D:7      | Reached skill level 5 in Spellcasting
  8018 | D:7      | Found a staircase to the Ecumenical Temple.
  8038 | D:7      | Reached skill level 10 in Conjurations
  8049 | D:7      | Learned a level 4 spell: Fulminant Prism
  8521 | D:8      | Noticed a cyclops
  8746 | D:8      | Reached XP level 9. HP: 45/62 MP: 6/21
  8878 | D:8      | Identified the amulet "Kaskibum" {RegenMP Rampage Regen+
                  | SInv}
  8892 | D:8      | Reached skill level 6 in Spellcasting
  9069 | D:8      | Killed a cyclops
  9168 | D:8      | HP: 31/62 [spore (31)]
  9186 | D:8      | Reached skill level 7 in Spellcasting
  9186 | D:8      | Reached skill level 11 in Conjurations
  9669 | D:9      | Reached XP level 10. HP: 58/69 MP: 11/25
  9738 | D:9      | Reached skill level 8 in Spellcasting
  9796 | D:9      | Found a staircase to the Lair.
 10032 | D:9      | Reached skill level 12 in Conjurations
 10044 | D:9      | Learned a level 6 spell: Starburst
 10047 | D:9      | Learned a level 2 spell: Sublimation of Blood
 10108 | D:9      | Reached skill level 1 in Necromancy
 10849 | D:9      | Reached skill level 1 in Armour
 10849 | D:9      | Reached skill level 1 in Fire Magic
 10960 | D:10     | Entered Level 10 of the Dungeon
 10976 | D:10     | Noticed a two-headed ogre
 10984 | D:10     | Killed a two-headed ogre
 10985 | D:10     | Reached skill level 2 in Necromancy
 11308 | D:10     | Reached skill level 2 in Armour
 11308 | D:10     | Reached skill level 2 in Fire Magic
 11719 | D:10     | Noticed a two-headed ogre
 11728 | D:10     | Killed a two-headed ogre
 11729 | D:10     | Reached skill level 3 in Necromancy
 11849 | D:10     | Reached skill level 9 in Spellcasting
 11849 | D:10     | Reached XP level 11. HP: 49/74 MP: 18/28
 11851 | D:10     | Reached skill level 3 in Fire Magic
 12060 | D:10     | Reached skill level 3 in Armour
 12241 | D:11     | HP: 33/74 [komodo dragon (18)]
 12321 | D:11     | Noticed Urug
 12324 | D:11     | HP: 29/74 [cyclops/large rock (12)]
 12465 | D:11     | Reached skill level 4 in Necromancy
 12492 | D:11     | Reached skill level 4 in Fire Magic
 12496 | D:11     | Reached skill level 4 in Armour
 12761 | D:11     | Killed Urug
 12897 | D:11     | Found a staircase to the Orcish Mines.
 13106 | D:11     | Noticed Nergalle
 13118 | D:11     | Killed Nergalle
 13292 | D:11     | Reached skill level 5 in Necromancy
 13694 | Orc:1    | Entered Level 1 of the Orcish Mines
 13742 | Orc:1    | Reached skill level 5 in Fire Magic
 13749 | Orc:1    | HP: 35/74 [spore (39)]
 13818 | Orc:1    | Reached skill level 5 in Armour
 13903 | Orc:1    | Noticed an orc warlord
 13903 | Orc:1    | Found the ring of the Hare {EV+8}
 13918 | Orc:1    | Noticed a hell hog
 13920 | Orc:1    | Found a transporter.
 13922 | Orc:1    | Found a transporter.
 13924 | Orc:1    | Noticed Cionis's ghost (journeyman DEAE)
 13927 | Orc:1    | Found a one-way gate to the infinite horrors of the Abyss.
 14324 | Orc:1    | Noticed an anaconda
 14475 | Orc:2    | Entered Level 2 of the Orcish Mines
 14559 | Orc:2    | Noticed an orc knight
 14653 | Orc:2    | Killed an orc knight
 14723 | Orc:2    | Reached skill level 10 in Spellcasting
 14791 | Orc:2    | Reached XP level 12. HP: 81/81 MP: 20/30
 14867 | Orc:2    | Reached skill level 6 in Necromancy
 14990 | Orc:2    | HP: 22/81 [orc knight/bolt (20)]
 15004 | Orc:2    | HP: 16/81 [orc warrior/bolt (23)]
 15062 | Orc:2    | Reached skill level 6 in Fire Magic
 15157 | Orc:2    | Reached skill level 6 in Armour
 15192 | Orc:2    | Found a staircase to the Elven Halls.
 15532 | Orc:2    | HP: 27/81 [orc warrior/bolt (15)]
 15884 | Orc:2    | Found Beunuuq's Magic Scroll Shop.
 15884 | Orc:2    | Found Leipufy's Distillery.
 15886 | Orc:2    | Found Parymu's Armour Emporium.
 15888 | Orc:2    | Found Letinom's Jewellery Boutique.
 15892 | Orc:2    | Bought a scroll of identify for 28 gold pieces
 15916 | Orc:2    | HP: 40/81 [centaur/arrow (11)]
 16728 | D:12     | Noticed Gastronok
 16756 | D:12     | Noticed a boulder beetle
 16764 | D:12     | HP: 23/81 [Gastronok/the air (20)]
 16958 | D:12     | Reached skill level 7 in Necromancy
 16960 | D:12     | Killed Gastronok
 16961 | D:12     | Reached skill level 7 in Armour
 16961 | D:12     | Reached skill level 7 in Fire Magic
 17068 | D:12     | Noticed a seven-headed hydra
 17241 | D:12     | HP: 38/81 [boulder beetle (13)]
 17246 | D:12     | HP: 4/81 [boulder beetle (40)]
 17312 | D:12     | Killed a boulder beetle
 17388 | D:12     | Noticed a centaur warrior
 17395 | D:12     | HP: 30/81 [centaur warrior/arrow (20)]
 17411 | D:12     | Killed a centaur warrior
 17411 | D:12     | HP: 27/81 [spore (26)]
 17537 | D:12     | Noticed Kirke
 17537 | D:12     | Noticed Nessos
 17544 | D:12     | HP: 39/81 [Nessos/arrow (25)]
 17545 | D:12     | HP: 18/81 [Nessos/arrow (18)]
 17552 | D:12     | HP: 22/81 [/a scroll of torment (20)]
 17561 | D:12     | Killed Kirke
 17561 | D:12     | HP: 38/81 [Nessos/arrow (12)]
 17562 | D:12     | HP: 18/81 [Nessos/arrow (17)]
 17563 | D:12     | Shot with an arrow by Nessos

Illustrated notes

Levels and vault maps discovered:
D:1:      tarquinn_simple_flora_water_a, layout_basic,
          wad_floor_pattern_untrapped
D:2:      layout_rooms, minmay_puff, uniq_robin
D:3:      layout_basic, ebering_ecumenical_altar_mist, minmay_cupped
D:4:      layout_layer_cave, grunt_temple_overflow_cloverleaf, serial_shops,
          nicolae_shop_overgrown_old_shop
D:5:      layout_rooms
D:6:      layout_loops_ring, serial_shops, nicolae_shop_behind_doors
D:7:      layout_rooms, minmay_temple_entry_butterflies
D:8:      layout_rooms
D:9:      layout_roguey [special_room_orc], due_lair_maze_entry_diamond,
          nrook_loot_triangle, roderic_serpentine_path,
          kennysheep_decorative_pillar, minivault_16
D:10:     layout_stronghold
D:11:     layout_long_grid, david_orc_4, uniq_nergalle, uniq_urug
D:12:     layout_stronghold, lightli_corner_chamber, uniq_kirke, uniq_nessos,
          uniq_gastronok
Orc:1:    layout_caves, gammafunk_ghost_abyssal_escape
Orc:2:    st_orc_rangers, layout_diamond_mine, basic_altar, nicolae_orc_rockfall

Skill      XL: |  1  2  3  4  5  6  7  8  9 10 11 12 |
---------------+-------------------------------------+-----
Conjurations   | 4 5 6 8 9 10 11 12 | 12.0
Spellcasting   | 3 5 7 9 10 | 10.0
Necromancy     | 3 5 7 |  7.8
Armour         | 2 5 7 |  7.6
Fire Magic     | 2 5 7 |  7.7
Dodging        | |  1.7
Stealth        | |  1.7

Action                   |  1- 3 |  4- 6 |  7- 9 | 10-12 || total
-------------------------+-------+-------+-------+-------++-------
Melee: Staff             |       |       |     6 |    10 ||    16
 Cast: Magic Dart        |    83 |   110 |   108 |   132 ||   433
       Searing Ray       |       |     9 |    30 |    28 ||    67
       Iskenderun's Myst |       |       |     7 |    22 ||    29
       Fulminant Prism   |       |       |    21 |   190 ||   211
  Use: Scroll            |       |       |       |    13 ||    13
       Potion            |       |       |       |    10 ||    10
Armor: Robe              |     3 |       |       |       ||     3
       Animal skin       |     1 |     4 |    26 |     8 ||    39
       Ring mail         |       |       |       |    47 ||    47
Dodge: Dodged            |    15 |    11 |    70 |    86 ||   182
Block: Other             |       |       |    12 |       ||    12
       Reflection        |       |       |     5 |       ||     5

Table legend: (Time is in decaauts)
 A = Elapsed time spent in this place.
 B = Non-inter-level travel time spent in this place.
 C = Inter-level travel time spent in this place.
 D = Time resting spent in this place.
 E = Time spent auto-exploring this place.
 F = Levels seen in this place.
 G = Mean time per level.
                   A        B        C        D        E       F      G
               +--------+--------+--------+--------+--------+-----+--------+
         Total |  17591 |  16590 |   1001 |   2716 |  11011 |  14 | 1256.5 |
       Dungeon |  14863 |  13939 |    924 |   2247 |   9408 |  12 | 1238.6 |
  Orcish Mines |   2727 |   2650 |     77 |    469 |   1603 |   2 | 1363.5 |
               +--------+--------+--------+--------+--------+-----+--------+

Top non-repeatable levels by time:
     D:7: 1869 daAuts
   Orc:2: 1795 daAuts
    D:10: 1609 daAuts
     D:4: 1565 daAuts
     D:9: 1437 daAuts
     D:6: 1355 daAuts
    D:11: 1296 daAuts
     D:3: 1190 daAuts
     D:2: 1180 daAuts
    D:12: 980 daAuts
   Orc:1: 932 daAuts
     D:1: 868 daAuts
     D:8: 804 daAuts
     D:5: 703 daAuts
